 Dungeon Crawl Stone Soup version 0.28-a0-622-gbaef9634d7 (webtiles) character file.

Game seed: 15524015445586217696

143 KristoblXynda the Slasher (level 5, -2/45 HPs)
             Began as a Draconian Gladiator on Oct 7, 2021.
             Slain by Natasha (7 damage)
             ... on level 2 of the Dungeon.
             The game lasted 00:01:55 (2469 turns).

KristoblXynda the Slasher (Draconian Gladiator)     Turns: 2469, Time: 00:01:56

Health: -2/45      AC:  5    Str: 17    XL:     5   Next: 4%
Magic:  5/5        EV: 13    Int:  9    God:
Gold:   47         SH:  0    Dex: 12    Spells: 4/4 levels left

rFire   . . .      SeeInvis .   a - +0 long sword
rCold   . . .      Faith    .   (no shield)
rNeg    . . .      Spirit   .   (armour unavailable)
rPois   .          Reflect  .   b - +0 hat
rElec   .          Harm     .   (no cloak)
rCorr   .          Rampage  .   (no gloves)
Will    .....                   (no boots)
Stlth   +.........              (no amulet)
HPRegen 0.15/turn               (no ring)
MPRegen 0.09/turn               (no ring)

@: slowed, very slow
A: AC +5, unfitting armour, cold-blooded
a: no special abilities


You were on level 2 of the Dungeon.
You visited 1 branch of the dungeon, and saw 2 of its levels.

You collected 47 gold pieces.

Inventory:

Hand Weapons
 a - a +0 long sword (weapon)
Missiles
 c - 3 throwing nets (quivered)
Armour
 b - a +0 hat (worn)
 f - a +0 buckler
Jewellery
 h - a ring of flight
Scrolls
 d - a scroll of torment {unknown}
 e - a scroll of identify {unknown}
 g - a scroll of brand weapon {unknown}
Potions
 i - 2 potions of curing {unknown}


   Skills:
 + Level 3.4 Fighting
 * Level 4.4 Long Blades
 - Level 2.0 Throwing
 + Level 3.4 Dodging
 + Level 0.1 Shields


You had 4 spell levels left.
You didn't know any spells.
Your spell library contained the following spells:

 Spells                   Type           Power      Damage    Failure   Level
 Dazzling Flash           Conj/Hex       0%         N/A       77%         3
 Agony                    Necr           0%         N/A       100%        5
 Silence                  Hex/Air        0%         N/A       100%        5


Dungeon Overview and Level Annotations

Branches:
Dungeon (2/15)

Altars:

Annotations:
D:2 Natasha


Innate Abilities, Weirdness & Mutations

Your plain brown scales are hard. (AC +5)
You cannot fit into any form of body armour.
You are cold-blooded and may be slowed by cold attacks.


Message History

Natasha mumbles some strange words.
You hit Natasha.
Natasha is heavily wounded.
Natasha stares at you and mumbles some strange words.
You feel yourself slow down.
You barely miss Natasha.
Natasha is heavily wounded.
The crimson imp hits you. Natasha completely misses you.
The crimson imp barely misses you.
You hit Natasha.
Natasha is severely wounded.
Natasha completely misses you.
The crimson imp blinks!
Natasha claws you.
You hit Natasha.
Natasha is severely wounded.
Natasha claws you!
You are too injured to fight recklessly!
You are too injured to fight recklessly!
Unknown command.
Unknown command.
Natasha mumbles some strange words.
You feel troubled.
The crimson imp picks up a beetle and eats it.
Natasha misses you.
Your transformation is almost over.
You hit Natasha but do no damage.
Natasha is severely wounded.
Natasha claws you!
* * * LOW HITPOINT WARNING * * *
Natasha misses you.
Your transformation has ended.
Your +0 long sword unmelds from your body.
Your +0 hat unmelds from your body.
Natasha howls an incantation.
Natasha shimmers violently.
Natasha wildly gestures.
Natasha's front paws start to glow.
Natasha claws you.
* * * LOW HITPOINT WARNING * * *
Natasha claws you!
You die...

.# ########### .# .# .# ## #
####### # #.....#
######################.###§#####
...........†....@h.....# #..5..#
##############################.#
#... .....................# #.#
..# #####...############.# #5#
..# #.# #..............#.# #.#
..# #.# #...##########<#.# #.#
..#####.###...# #####.#.# #.#
...........)### #.......# #.#
.######.##### #.###.### #.#


You could see Natasha.

Vanquished Creatures
  Jessica (D:2)
  Natasha (twice) (D:2)
  2 adders (D:2)
  A dart slug (D:1)
  3 endoplasms
  2 giant cockroaches
  3 goblins
  5 hobgoblins
  10 jackals
  4 ball pythons
  A bat (D:1)
  6 kobolds
  4 rats
44 creatures vanquished.

Notes
Turn   | Place    | Note
-------+----------+-------------------------------------------
     0 | D:1      | KristoblXynda the Draconian Gladiator began the quest for
                  | the Orb.
     0 | D:1      | Reached XP level 1. HP: 17/17 MP: 1/1
   520 | D:1      | Reached XP level 2. HP: 21/25 MP: 2/2
  1141 | D:2      | Noticed Natasha
  1151 | D:2      | Killed Natasha
  1152 | D:2      | Reached XP level 3. HP: 5/30 MP: 3/3
  1421 | D:2      | Noticed Natasha
  1437 | D:2      | Killed Natasha
  1438 | D:2      | Reached skill level 4 in Long Blades
  1438 | D:2      | Reached XP level 4. HP: 14/38 MP: 4/4
  1800 | D:2      | Noticed Jessica
  1829 | D:2      | Killed Jessica
  2412 | D:2      | Reached XP level 5. HP: 45/45 MP: 5/5
  2434 | D:2      | Noticed Natasha
  2469 | D:2      | Slain by Natasha

Illustrated notes

Levels and vault maps discovered:
D:1:      wheals_arrival_shading, layout_basic
D:2:      layout_basic, minmay_vboxes, uniq_natasha, uniq_jessica, uniq_terence

Skill      XL: |  1  2  3 |
---------------+----------+-----
Throwing       | 2 |  2.0
Dodging        | 3 |  3.4
Fighting       | 3 |  3.4
Long Blades    | 4 |  4.4
Shields        | |  0.1

Action                   |  1- 3 |  4- 6 || total
-------------------------+-------+-------++-------
Melee: Long sword        |    75 |    61 ||   136
       Tailslap          |     8 |     5 ||    13
       Unarmed           |       |    13 ||    13
 Stab: Sleeping          |     2 |       ||     2
Armor: Skin              |    19 |    15 ||    34
Dodge: Dodged            |    57 |    50 ||   107

Table legend: (Time is in decaauts)
 A = Elapsed time spent in this place.
 B = Non-inter-level travel time spent in this place.
 C = Inter-level travel time spent in this place.
 D = Time resting spent in this place.
 E = Time spent auto-exploring this place.
 F = Levels seen in this place.
 G = Mean time per level.
                   A        B        C        D        E       F      G
               +--------+--------+--------+--------+--------+-----+--------+
         Total |   2499 |   2496 |      3 |    898 |   1254 |   2 | 1249.5 |
       Dungeon |   2499 |   2496 |      3 |    898 |   1254 |   2 | 1249.5 |
               +--------+--------+--------+--------+--------+-----+--------+

Top non-repeatable levels by time:
     D:2: 1478 daAuts
     D:1: 1020 daAuts
